 Dungeon Crawl Stone Soup version 0.30-a0-553-g7fabdf1491 (webtiles) character file.

Game seed: 11878423664413465437

152 PrincessWhatsHerName the Caller (level 5, -12/46 HPs)
             Began as an Octopode Summoner on Dec 26, 2022.
             Killed from afar by Ijyb (14 damage)
             ... with an iceblast
             ... on level 3 of the Dungeon.
             The game lasted 00:06:14 (2244 turns).

PrincessWhatsHerName the Caller (Octopode Summoner) Turns: 2244, Time: 00:06:15

Health: -12/46     AC: 22    Str:  7    XL:     5   Next: 34%
Magic:  0/8        EV:  2    Int: 19    God:
Gold:   171        SH:  0    Dex: 13    Spells: 4/8 levels left

rFire   . . .      SeeInvis .    (no weapon)
rCold   . . .      Faith    .    (no shield)
rNeg    . . .      Spirit   .    (helmet currently unavailable)
rPois   +          Reflect  .    (no amulet)
rElec   .          Harm     .    (no ring)
rCorr   .          Rampage  .    (no ring)
Will    .....      NoTele   +    (no ring)
Stlth   ++                       (no ring)
HPRegen 0.27/turn                (no ring)
MPRegen 0.11/turn                (no ring)
                                 (no ring)
                                 (no ring)

@: tree-form
A: stationary, stasis, torment immunity, boosted hp, almost no armour,
(amphibious), 8 rings, (camouflage 1), (gelatinous body 1), (nimble swimmer 1),
(tentacles)
a: no special abilities


You were on level 3 of the Dungeon.
You were a tree.
You visited 1 branch of the dungeon, and saw 3 of its levels.

You collected 171 gold pieces.


Innate Abilities, Weirdness & Mutations

You are a tree.
Your roots penetrate the ground, keeping you stationary.
You cannot be teleported.
You are immune to unholy pain and torment.
Your maximum health is greatly increased.
You cannot wear most types of armour.
((You are amphibious.))
You can wear up to eight rings at the same time.
((Your skin changes colour to match your surroundings (Stealth+).))
((Your rubbery body absorbs attacks. (AC +1, EV +1)))
((You are camouflaged when in or above water. (Stealth+)))
((You have tentacles for arms and can constrict up to eight enemies at once.))


   Skills:
 - Level 2.0 Dodging
 - Level 2.6 Stealth
 - Level 2.3 Spellcasting
 + Level 6.3 Summonings


You had 4 spell levels left.
You knew the following spells:

 Your Spells              Type           Power      Damage    Failure   Level
c - Call Canine Familiar  Summ           26%        N/A       3%          3
s - Summon Small Mammal   Summ           100%       N/A       1%          1

Your spell library contained the following spells:

 Spells                   Type           Power      Damage    Failure   Level
 Call Imp                 Summ           26%        N/A       1%          2
 Summon Guardian Golem    Hex/Summ       14%        N/A       14%         3
 Magic Dart               Conj           8%         1d3       17%         1
 Summon Lightning Spire   Summ/Air       14%        N/A       41%         4
 Mephitic Cloud           Conj/Pois/Air  2%         N/A       45%         3
 Manifold Assault         Tloc           2%         N/A       86%         4
 Dispersal                Tloc           1%         N/A       100%        6
 Disjunction              Tloc           1%         N/A       100%        8

Inventory:

Missiles
 i - 3 curare-tipped darts {=f}
Magical Staves
 d - a staff of fire {!a}
   (You found it on level 2 of the Dungeon)
Jewellery
 D - a +6 ring of dexterity
   (You found it on level 2 of the Dungeon)
 Y - a +4 ring of slaying
   (You found it on level 3 of the Dungeon)
Scrolls
 b - a scroll of poison {unknown}
 c - a scroll of amnesia {unknown}
 f - a scroll of identify {unknown}
 g - a scroll of blinking {unknown}
 h - a scroll of torment {unknown}
Potions
 a - a potion of magic
 e - a potion of lignification {!q}
 j - a potion of brilliance {unknown}
 k - a potion of curing {unknown}
 l - a potion of mutation {unknown}
 m - a potion of might {unknown}

Dungeon Overview and Level Annotations

Branches:
Dungeon (3/15)

Altars:

Annotations:
D:3 Ijyb

#...# #.......#
####...#####..####
#.............#
#.####.###....#
#######.##...#
#.####
........##.### #.#
.#########.# #.#
.# #.# #.# .# #.#
#♣# .# #.# #§# .#
##.# #.#
.########...# #.#
.............# #.#
#######>......##g#
#<....r)).#
......o####
#.....#


You could see Ijyb.


Message History

Unknown command.
Unknown command.
Unknown command.
Unknown command.
Unknown command.
Casting: Summon Small Mammal (safe; 1% risk of failure)
Confirm with . or Enter, or press ? or * to list all spells.
The kobold shouts!
You feel sick. The adder bites you.
Unknown command.
You feel sick. The adder bites you.
Ijyb screams, "You nasty!
Big nasty!"
You swap places.
You feel sick. The adder barely misses your hound.
Your hound bites the adder.
The adder barely misses your hound.
Your quokka bites the adder.
Your hound closely misses the adder.
You feel sick.
You are no longer poisoned.
The orc closely misses your hound.
Your hound barely misses the adder.
The adder bites your hound.
Your quokka misses the adder.
Your hound closely misses the adder.
The adder closely misses your hound.
Your quokka bites the adder.
The kobold hits your quokka but does no damage.
The orc closely misses your hound.
Your hound bites the adder.
The adder misses your hound.
Your quokka closely misses the adder.
The orc barely misses your hound.
Your hound barely misses the adder.
The kobold hits your quokka with a +0 dagger.
Ijyb barely misses your quokka. The adder bites your hound.
Your hound closely misses the adder.
Your quokka bites the kobold.
The orc hits your hound with a +0 flail.
The kobold barely misses your quokka. Ijyb misses your quokka.
The adder closely misses your hound.
Your quokka closely misses the kobold.
Your hound closely misses the adder.
The adder barely misses your hound. Ijyb hits your quokka with a +0 club.
Your quokka dies!
Your quokka's corpse disappears in a puff of smoke!
The orc barely misses your hound.
Your hound closely misses the adder.
Your hound closely misses the adder.
The adder closely misses your hound.
The orc hits your hound with a +0 flail!
Your hound dies!
Your hound's corpse disappears in a puff of smoke!
Casting: Summon Small Mammal (safe; 1% risk of failure)
Confirm with . or Enter, or press ? or * to list all spells.
The kobold barely misses you.
You swap places.
The kobold hits your hound with a +0 dagger.
Your hound bites the kobold.
The kobold dies!
Your hound completely misses the adder.
The adder bites your hound.
Your hound bites the adder.
The adder dies!
Your hound bites the quokka.
The quokka closely misses your hound.
Your hound completely misses the quokka.
Your hound bites the quokka.
The quokka bites your hound.
Casting: Call Canine Familiar (dangerous; 3% risk of failure)
Confirm with . or Enter, or press ? or * to list all spells.
Your hound closely misses the quokka.
The quokka closely misses your hound.
Your hound closely misses the quokka.
The quokka bites your hound.
Your hound completely misses the quokka.
Your hound closely misses the quokka.
The quokka misses your hound. The quokka bites your hound.
Your hound bites the quokka but does no damage.
Your hound barely misses the quokka.
The quokka barely misses your hound.
Your hound barely misses the quokka.
The quokka bites your hound but does no damage.
Your hound bites the quokka.
The quokka dies!
Your hound bites the orc.
Your hound bites the orc.
The orc dies!
Your hound bites Ijyb.
Ijyb hits your hound with a +0 club.
Your hound bites Ijyb.
Your hound bites Ijyb but does no damage.
Ijyb hits your hound with a +0 club.
Your hound bites Ijyb but does no damage.
Ijyb hits your hound with a +0 club.
Your hound dies!
Your hound's corpse disappears in a puff of smoke!
You swap places.
Ijyb hits your quokka with a +0 club.
Your quokka bites Ijyb.
Ijyb hits your quokka with a +0 club.
Your quokka dies!
Your quokka's corpse disappears in a puff of smoke!
Ijyb zaps a wand.
The mass of ice explodes!
The iceblast engulfs you!
* * * LOW HITPOINT WARNING * * *
Casting: Summon Small Mammal (safe; 1% risk of failure)
Confirm with . or Enter, or press ? or * to list all spells.
Ijyb zaps a wand.
The mass of ice explodes!
The iceblast engulfs your hound! The iceblast engulfs you!
* * * LOW HITPOINT WARNING * * *
Unknown command.
It was a potion of lignification.
You turn into a tree.
Your roots penetrate the ground.
Ijyb zaps a wand.
The mass of ice explodes!
The iceblast engulfs your hound!
Your hound dies!
Your hound's corpse disappears in a puff of smoke!
The iceblast engulfs you!
You die...

Skill      XL: |  1  2  3  4 |
---------------+-------------+-----
Summonings     | 5 6 |  6.3
Dodging        | |  2.0
Stealth        | |  2.6
Spellcasting   | |  2.3

Action                   |  1- 3 |  4- 6 || total
-------------------------+-------+-------++-------
Melee: Unarmed           |    73 |    19 ||    92
       Tentacles         |    20 |     5 ||    25
       Constrict         |    21 |     9 ||    30
       Punch             |     2 |       ||     2
 Cast: Summon Small Mamm |    46 |    10 ||    56
       Call Canine Famil |       |     6 ||     6
  Use: Potion            |       |     1 ||     1
 Stab: Sleeping          |     3 |       ||     3
Armor: Skin              |    10 |     3 ||    13
Dodge: Dodged            |    56 |    22 ||    78

Levels and vault maps discovered:
D:1:      amcnicky_arrival_abandoned_market, layout_basic, serial_bayou_pond_e
D:2:      layout_rooms
D:3:      layout_loops_ring, uniq_ijyb, uniq_terence, uniq_sigmund

Notes
Turn   | Place    | Note
-------+----------+-------------------------------------------
     0 | D:1      | PrincessWhatsHerName the Octopode Summoner began the quest
                  | for the Orb.
     0 | D:1      | Reached XP level 1. HP: 11/11 MP: 3/3
    14 | D:1      | You pick up a book of Minor Magic and begin reading...
    14 | D:1      | You add the spells Magic Dart and Mephitic Cloud to your
                  | library.
   178 | D:1      | Reached XP level 2. HP: 9/17 MP: 0/5
   939 | D:1      | Reached XP level 3. HP: 18/21 MP: 3/6
   965 | D:1      | Learned a level 3 spell: Call Canine Familiar
  1202 | D:2      | Reached skill level 5 in Summonings
  1630 | D:3      | You pick up a book of the Warp and begin reading...
  1630 | D:3      | You add the spells Manifold Assault, Dispersal and
                  | Disjunction to your library.
  1644 | D:3      | Reached XP level 4. HP: 20/27 MP: 4/7
  1907 | D:3      | Noticed Terence
  1931 | D:3      | Killed Terence
  2099 | D:3      | Reached skill level 6 in Summonings
  2099 | D:3      | Reached XP level 5. HP: 28/31 MP: 6/8
  2213 | D:3      | Noticed Ijyb
  2243 | D:3      | HP: 1/31 [Ijyb/iceblast (14)]
  2244 | D:3      | Killed from afar by Ijyb

Vanquished Creatures
  An adder (D:3)
  An orc (D:3)
  3 ball pythons
  5 bats
  2 endoplasms (D:1)
  3 giant cockroaches
  A hobgoblin (D:1)
  3 jackals (D:3)
  2 kobolds
  A quokka (D:1)
  2 rats (D:1)
24 creatures vanquished.

Vanquished Creatures (collateral kills)
  An orc priest (D:3)
  Terence (D:3)
  2 adders (D:3)
  A worm (D:2)
  2 dart slugs (D:1)
  2 orcs (D:3)
  3 bats
  4 endoplasms
  A giant cockroach (D:3)
  2 goblins (D:3)
  A hobgoblin (D:3)
  A jackal (D:3)
  3 kobolds
  2 quokkas
  2 ball pythons (D:1)
  2 frilled lizards
  3 rats
33 creatures vanquished.

Grand Total: 57 creatures vanquished

Table legend:
 A = Non-vault XP
 B = Vault XP
 C = Vault XP percentage of total XP
 D = Non-vault monster count
 E = Vault monster count
 F = Vault count percentage of total count
                 A         B        C        D         E       F
            +---------+---------+-------+---------+---------+-------
      Total |     182 |      36 |  16.5 |      56 |       1 |   1.8
            +---------+---------+-------+---------+---------+-------
        D:1 |      34 |       0 |   0.0 |      19 |       0 |   0.0
        D:2 |      26 |       0 |   0.0 |      13 |       0 |   0.0
        D:3 |     122 |      36 |  22.8 |      24 |       1 |   4.0
            +---------+---------+-------+---------+---------+-------

Illustrated notes

Table legend:
 A = Kills in this place as a percentage of kills in entire the game.
 B = Kills by you in this place as a percentage of kills by you in the entire game.
 C = Kills by friends in this place as a percentage of kills by friends in the entire game.
 D = Other kills in this place as a percentage of other kills in the entire game.
 E = Experience gained in this place as a percentage of experience gained in the entire game.
 F = Experience gained in this place divided by the number of levels of this place that you have seen.
                   A       B       C       D       E      F
               +-------+-------+-------+-------+-------+----------------------
         Total | 100.0 | 100.0 | 100.0 |   N/A | 100.0 |  72.7
       Dungeon | 100.0 | 100.0 | 100.0 |   N/A | 100.0 |  72.7
               +-------+-------+-------+-------+-------+----------------------

Table legend: (Time is in decaauts)
 A = Elapsed time spent in this place.
 B = Non-inter-level travel time spent in this place.
 C = Inter-level travel time spent in this place.
 D = Time resting spent in this place.
 E = Time spent auto-exploring this place.
 F = Levels seen in this place.
 G = Mean time per level.
                   A        B        C        D        E       F      G
               +--------+--------+--------+--------+--------+-----+--------+
         Total |   2244 |   2193 |     51 |     65 |   1657 |   3 |  748.0 |
       Dungeon |   2244 |   2193 |     51 |     65 |   1657 |   3 |  748.0 |
               +--------+--------+--------+--------+--------+-----+--------+

Top non-repeatable levels by time:
     D:1: 976 daAuts
     D:3: 675 daAuts
     D:2: 593 daAuts
